[Event "Late-Titled-Tuesday-Blitz-October-24-2023"]
[Site "Chess.com"]
[Date "2023.10.24"]
[Round "5"]
[White "ItalianMachine"]
[Black "dodoucb"]
[Result "1-0"]
[WhiteElo "2435"]
[BlackElo "2595"]
[TimeControl "180+1"]
[EndTime "14:55:57 PDT"]
[Termination "ItalianMachine won by resignation"]

1. Nf3 Nf6 2. g3 b6 3. Bg2 Bb7 4. O-O e6 5. d3 d5 6. Nbd2 Be7 7.
e4 O-O 8. Re1 c5 9. e5 Nfd7 10.
Nf1 Nc6 11. h4 Qc7 12. Bf4 d4 13. N1d2 Rfd8 14. Nc4 Nf8 15. Nd6 Ng6 16. Nxb7 Qxb7 17. Bg5 h6 18. Bxe7 Ngxe7 19. Nd2 Rac8 20. Nc4 Qd7 21.
a4 Nb4 22. Be4 Rc7 23. Qe2 Rb8 24. g4 a6 25. g5 hxg5 26. hxg5 Nbd5 27. Qh5 g6 28.
Qh6 Qe8 29. Nd2 Qf8 30. Qh2 Qg7 31. Bg2 Kf8 32. Ne4 Nf5 33. Nf6 Ke7 34. Bxd5 Rh8 35. Qf4 Rh4 36. Qf3 exd5 37. Nxd5+ Kd7 38. Nxc7 Kxc7 39.
Re4 Qf8 40. Rxh4 Nxh4 41. Qf6 Nf5 42. e6 Qd6 43. exf7 1-0

[Event "Late-Titled-Tuesday-Blitz-October-24-2023"]
[Site "Chess.com"]
[Date "2023.10.24"]
[Round "5"]
[White "Gogolev_Artemy"]
[Black "aghasiyevkamal"]
[Result "1-0"]
[WhiteElo "2422"]
[BlackElo "2586"]
[TimeControl "180+1"]
[EndTime "14:55:57 PDT"]
[Termination "Gogolev_Artemy won by resignation"]

1. d4 d5 2. Nf3 Nf6 3. c4 e6 4. g3 dxc4 5. Bg2 c5 6. Qa4+ Bd7 7.
Qxc4 Nc6 8. O-O b5 9. Qd3 c4 10. Qd1 Be7 11. b3 cxb3 12. axb3 Rc8 13. Nc3 a6 14.
Bb2 Qb6 15. d5 exd5 16. Nxd5 Nxd5 17. Qxd5 Be6 18. Qh5 O-O 19. Ng5 Bf5 20. Be4 Bxe4 21. Nxe4 Nd4 22. Rad1 Ne6 23. Rd7 Qc6 24. Rd5 Qc2 25.
Qe5 Qxb3 26. Rd7 Rc2 27. Ba1 Ba3 28. Ng5 Bb2 29. Bxb2 Qxb2 30. Qxb2 Rxb2 31. Nxe6 fxe6 32. Rc1 Rb4 33. Rcc7 Rh4 34. gxh4 1-0

[Event "Late-Titled-Tuesday-Blitz-October-24-2023"]
[Site "Chess.com"]
[Date "2023.10.24"]
[Round "5"]
[White "mind1mover"]
[Black "The_Princess_Moon"]
[Result "1-0"]
[WhiteElo "2795"]
[BlackElo "2349"]
[TimeControl "180+1"]
[EndTime "14:55:57 PDT"]
[Termination "mind1mover won by checkmate"]

1. Nf3 Nf6 2. b3 c5 3. Bb2 g6 4. c4 Bg7 5. g3 O-O 6. Bg2 Nc6 7.
O-O d6 8. d4 cxd4 9. Nxd4 Nxd4 10. Qxd4 a6 11. Nc3 Rb8 12. Rfd1 Nd7 13. Qd2 b5 14.
cxb5 axb5 15. Rac1 Bb7 16. e4 b4 17. Na4 Bxb2 18. Qxb2 Qa5 19. Qd4 Nc5 20. Nxc5 dxc5 21. Qxc5 Qxa2 22. Qxb4 Ba8 23. Qxe7 Qxb3 24. h4 Rfe8 25.
Qf6 Bxe4 26. h5 Rb6 27. Qd4 Bxg2 28. h6 f6 29. Kxg2 Rbe6 30. Qf4 Qb7+ 31. Kh2 Qf7 32. Rd2 g5 33. Qf3 Qg6 34. Kg2 Qxh6 35. Rh1 Qg6 36.
Rd7 R6e7 37. Qd5+ Kg7 38. Qb7 Qf7 39. Rhd1 Qg6 40. Rxe7+ Rxe7 41. Qxe7+ Kh6 42. Rh1+ Qh5 43. Qxf6# 1-0

[Event "Late-Titled-Tuesday-Blitz-October-24-2023"]
[Site "Chess.com"]
[Date "2023.10.24"]
[Round "5"]
[White "HajiyevKanan"]
[Black "falzehope0"]
[Result "1-0"]
[WhiteElo "2501"]
[BlackElo "2305"]
[TimeControl "180+1"]
[EndTime "14:55:57 PDT"]
[Termination "HajiyevKanan won by checkmate"]

1. d4 e6 2. Nf3 d5 3. c4 c6 4.
cxd5 exd5 5. Nc3 f5 6. Bg5 Nf6 7. e3 Bd6 8. Qc2 O-O 9. Bd3 Qe8 10. Bxf6 Rxf6 11. h3 g6 12. O-O-O Na6 13. Bxa6 bxa6 14. Na4 Rb8 15. Kb1 Rb5 16. Rc1 Bd7 17. g3 f4 18. e4 dxe4 19. Ne5 Bxe5 20. dxe5 Qxe5 21. Nc3 e3 22. g4 Rb8 23. Rhe1 Rf7 24. fxe3 fxe3 25.
Qe4 Qxe4+ 26. Nxe4 Rf3 27. Ng5 Rf2 28. Rc2 h6 29.
Ne4 Rf3 30. Rc3 Re8 31. Rcxe3 Rxe3 32. Rxe3 Kg7 33. Kc2 h5 34. gxh5 Bf5 35. Kd3 gxh5 36. Kd4 Kh6 37. Nd6 Rd8 38. Ke5 Bg6 39. Rc3 Rb8 40.
b3 Rb6 41. h4 Kg7 42. Ke6 Kg8 43. Rc5 Kh7 44. Kf6 Kh6 45. Rg5 Bh7 46. Nf7# 1-0

[Event "Late-Titled-Tuesday-Blitz-October-24-2023"]
[Site "Chess.com"]
[Date "2023.10.24"]
[Round "5"]
[White "GMKrikor"]
[Black "pedromartinez91"]
[Result "1-0"]
[WhiteElo "2826"]
[BlackElo "2623"]
[TimeControl "180+1"]
[EndTime "14:56:00 PDT"]
[Termination "GMKrikor won by resignation"]

1. Nf3 d5 2. c4 c6 3. d4 Nf6 4. Nc3 e6 5. cxd5 exd5 6. Bf4 Bd6 7. Bxd6 Qxd6 8. e3 O-O 9. Qb3 a5 10. Bd3 Na6 11. O-O Nc7 12. Rac1 Qb4 13. Qc2 Nce8 14. a3 Qe7 15. Ne5 Nd6 16. Rce1 h6 17. f4 Bd7 18. h3 Rfc8 19. Na4 Nfe4 20. Nb6 Be8 21. Nxa8 Rxa8 22. b4 axb4 23. axb4 Ng3 24. Rf3 Nge4 25. Rff1 Ng3 26. Rf3 Nge4 27. Bxe4 Nxe4 28. Qb2 f6 29. Nd3 Bh5 30. Rff1 Ng3 31. Rf2 Bg6 32. f5 Bxf5 33.
Nf4 Be4 34. Ra1 Re8 35. b5 Nf5 36. bxc6 bxc6 37. Ra3 Nd6 38. Qb4 Nc4 39. Qxe7 Rxe7 40. Rc3 g5 41. Nh5 f5 42. Nf6+ Kg7 43. Nxe4 fxe4 44.
Ra2 Rb7 45. Ra6 Rb1+ 46. Kh2 Re1 47. Rxc6 Nxe3 48. Ra3 Rf1 49. Rxe3 h5 1-0

[Event "Late-Titled-Tuesday-Blitz-October-24-2023"]
[Site "Chess.com"]
[Date "2023.10.24"]
[Round "5"]
[White "Ali_rastbod"]
[Black "ChuckPhil"]
[Result "1/2-1/2"]
[WhiteElo "2744"]
[BlackElo "2550"]
[TimeControl "180+1"]
[EndTime "14:56:00 PDT"]
[Termination "Game drawn by repetition"]

1. Nf3 d5 2. g3 g6 3. Bg2 Bg7 4. c4 dxc4 5. Qa4+ Nc6 6. O-O Bd7 7. Qxc4 Nf6 8. d4 O-O 9. Nc3 Be6 10. Qd3 Bf5 11.
e4 Bg4 12. d5 Bxf3 13. Qxf3 Nd4 14. Qd3 e5 15. Be3 c5 16. h3 Ne8 17. Nb5 Nd6 18.
Nxd6 Qxd6 19. f4 Rac8 20. Rac1 b5 21. Bxd4 cxd4 22. Qxb5 Rb8 23. Qe2 Qb6 24. Rf2 exf4 25. gxf4 d3 26. Qxd3 Bd4 27. Rf1 Qxb2 28. e5 Rfc8 29.
d6 Rc2 30. Qf3 Rxf2 31. Rxf2 Rc8 32. d7 Bxf2+ 33. Qxf2 Rc1+ 34. Kh2 Qxf2 35. d8=Q+ Kg7 36. Qf6+ Kf8 37. Qd8+ Kg7 38. Qf6+ Kf8 39. Qd8+ Kg7 1/2-1/2

[Event "Late-Titled-Tuesday-Blitz-October-24-2023"]
[Site "Chess.com"]
[Date "2023.10.24"]
[Round "5"]
[White "Semetey"]
[Black "MajorCoast"]
[Result "1-0"]
[WhiteElo "2523"]
[BlackElo "2267"]
[TimeControl "180+1"]
[EndTime "14:56:00 PDT"]
[Termination "Semetey won on time"]

1. a3 d5 2. e3 Nf6 3. c4 e6 4. Nf3 Be7 5. b4 O-O 6. Bb2 c6 7. d4 b6 8. Nbd2 Bb7 9. Bd3 Nbd7 10. O-O c5 11. dxc5 bxc5 12. b5 Nb6 13. a4 dxc4 14.
Nxc4 Qc7 15. Qc2 Nbd5 16. Qb3 Nb4 17. Be2 Rfd8 18. Rfd1 Rxd1+ 19. Rxd1 Rd8 20. Nfe5 Nfd5 21. Bf3 Bf6 22. h3 h6 23. g3 Nb6 24. Rxd8+ Bxd8 25. Bxb7 Qxb7 26. Nd6 Qd5 27. Qxd5 exd5 28. Nc6 Bc7 29. Ne8 Nxa4 30. Bxg7 Bb6 31. Be5 Nd3 32. Nf6+ Kf8 33. Bd6+ Kg7 34. Nxd5 c4 35. Ne5 Nxe5 36.
Bxe5+ Kg6 37. g4 Ba5 38. Kf1 c3 39. Nf4+ Kh7 40. Nd3 c2 41. Ke2 1-0

[Event "Late-Titled-Tuesday-Blitz-October-24-2023"]
[Site "Chess.com"]
[Date "2023.10.24"]
[Round "5"]
[White "HansOnTwitch"]
[Black "Elsa167"]
[Result "1-0"]
[WhiteElo "3044"]
[BlackElo "2898"]
[TimeControl "180+1"]
[EndTime "14:56:01 PDT"]
[Termination "HansOnTwitch won on time"]

1. e4 e6 2. d4 d5 3. Nc3 Bb4 4. exd5 exd5 5. Bd3 Nc6 6. Nf3 Nge7 7. a3 Bxc3+ 8. bxc3 Bf5 9. Rb1 Bxd3 10. Qxd3 b6 11. O-O O-O 12. Ng5 Ng6 13. f4 h6 14.
f5 hxg5 15. fxg6 fxg6 16. Rxf8+ Qxf8 17. Qxg6 Qf6 18. Qxg5 Qxg5 19. Bxg5 Re8 20. Kf2 Na5 21. Re1 Rf8+ 22. Kg3 Nc4 23. Bc1 Rf6 24. h4 Rc6 25.
Kf4 Rf6+ 26. Kg5 Rf2 27. g4 Nd6 28. Re7 Ne4+ 29. Kh5 Kh7 30. g5 Rf5 31. Kg4 Rf1 32. Bf4 Kg8 33. g6 Kf8 34. Rf7+ Kg8 35. Rxc7 Nf6+ 36.
Kf5 Kf8 37. Rxa7 Nh5 38. Rf7+ Kg8 39. Ke5 Rg1 40. Bg5 Re1+ 41. Kxd5 1-0

[Event "Late-Titled-Tuesday-Blitz-October-24-2023"]
[Site "Chess.com"]
[Date "2023.10.24"]
[Round "5"]
[White "HanSchut"]
[Black "Sjakkerntobi"]
[Result "0-1"]
[WhiteElo "2306"]
[BlackElo "2512"]
[TimeControl "180+1"]
[EndTime "14:56:01 PDT"]
[Termination "Sjakkerntobi won on time"]

1. e4 e5 2. Nf3 Nc6 3. Bc4 Nf6 4. d4 exd4 5. e5 d5 6. Bb5 Ne4 7. Nxd4 Bd7 8. Bxc6 bxc6 9. O-O Bc5 10. f3 Ng5 11. Be3 Bb6 12. f4 Ne4 13. Nd2 Nxd2 14.
Qxd2 O-O 15. Nb3 Qe7 16. Qc3 a5 17. a3 Rab8 18. Kh1 f6 19. Bc5 Bxc5 20. Nxc5 fxe5 21. fxe5 Bf5 22. Rf2 Rbe8 23. Raf1 Be4 24. Rxf8+ Rxf8 25.
Re1 Qh4 26. Nxe4 Qxe4 27. h3 Qg6 28. e6 Rf2 29. Rg1 Qxe6 30. Qxa5 h6 31. Qc3 Qg6 32. a4 Rxc2 33. Qb3 Rc5 34. Qb4 Rc4 35. Qb3 Qe4 36. a5 Rb4 37. Qd1 Ra4 38. Re1 Rd4 39. Qc1 Qh4 40. Rf1 Rc4 0-1

[Event "Late-Titled-Tuesday-Blitz-October-24-2023"]
[Site "Chess.com"]
[Date "2023.10.24"]
[Round "5"]
[White "scandalgod"]
[Black "jimis98"]
[Result "0-1"]
[WhiteElo "2509"]
[BlackElo "2752"]
[TimeControl "180+1"]
[EndTime "14:56:03 PDT"]
[Termination "jimis98 won on time"]

1. d4 e6 2. c4 d5 3. Nf3 Nf6 4. g3 Bb4+ 5. Bd2 Be7 6. Qc2 O-O 7. Bg2 c6 8. h4 Ne4 9. Ng5 f5 10. Bf4 Nxg5 11. hxg5 Bxg5 12. Qd2 Bf6 13. Na3 Nd7 14. Rc1 Nb6 15. c5 Nd7 16. b4 e5 17.
dxe5 Nxe5 18. O-O Be6 19. Qe3 Qc7 20. b5 Rae8 21. Rfd1 Bf7 22. b6 axb6 23. cxb6 Qd6 24. Qb3 Qe7 25. Nc2 Nc4 26. Nd4 g6 27. Bh6 Bg7 28. Bxg7 Kxg7 29. e3 Ra8 30. Rc2 Ra6 31. Qc3 Qf6 32. Rb1 Na3 33. Rbc1 Nxc2 34. Rxc2 Rxb6 35. Qc5 Rb1+ 36. Kh2 g5 37. Bh3 g4 0-1

[Event "Late-Titled-Tuesday-Blitz-October-24-2023"]
[Site "Chess.com"]
[Date "2023.10.24"]
[Round "5"]
[White "iJueles"]
[Black "APOKALIPSA13"]
[Result "1-0"]
[WhiteElo "2471"]
[BlackElo "2222"]
[TimeControl "180+1"]
[EndTime "14:56:04 PDT"]
[Termination "iJueles won on time"]

1. d4 d5 2. c4 dxc4 3. e4 e5 4.
Nf3 exd4 5. Bxc4 Bc5 6. Nbd2 Qe7 7. O-O Nc6 8. Nb3 Bg4 9. h3 Bxf3 10. Qxf3 Ne5 11.
Qe2 Bb6 12. a4 a6 13. a5 Ba7 14. Bf4 Nf6 15. Rfe1 O-O 16. Rad1 Rad8 17. Bxe5 Qxe5 18.
Qd2 Nh5 19. Nc1 c6 20. Nd3 Qc7 21. Qg5 g6 22. f4 Kg7 23. e5 h6 24. Qg4 Qxa5 25.
f5 b5 26. Bxf7 g5 27. Bxh5 c5 28. f6+ Kg8 29. Qf5 Qc7 30. Qg6+ Kh8 31. Qxh6+ Qh7 32. Qxh7+ Kxh7 33. Kh1 c4 34. Nb4 Kh6 35. Bf3 a5 36. Nc6 Bb6 37. Nxd8 Rxd8 38. e6 d3 39. e7 Ra8 40.
Bxa8 1-0

[Event "Late-Titled-Tuesday-Blitz-October-24-2023"]
[Site "Chess.com"]
[Date "2023.10.24"]
[Round "5"]
[White "ContrVersia"]
[Black "dropstoneDP"]
[Result "0-1"]
[WhiteElo "2870"]
[BlackElo "3099"]
[TimeControl "180+1"]
[EndTime "14:56:06 PDT"]
[Termination "dropstoneDP won on time"]

1. Nf3 d5 2. c4 dxc4 3. e3 Nf6 4.
Bxc4 e6 5. O-O c5 6. a4 Be7 7. Qe2 O-O 8. b3 b6 9. Bb2 Bb7 10. Nc3 Nc6 11. Rad1 Qc7 12. h3 Rac8 13. Rfe1 Rfd8 14.
e4 Nd4 15. Nxd4 cxd4 16. Nb5 Qb8 17. e5 Nd5 18. Qg4 h5 19. Qg3 Nb4 20. Nxd4 Bd5 21.
d3 Qb7 22. Ne2 Bxc4 23. dxc4 Qe4 24. Nd4 Qh7 25. Re2 Bc5 26. Red2 Bxd4 27. Bxd4 Nc6 28.
Qe3 Qf5 29. Kh2 Rd7 30. Bc3 Rxd2 31. Rxd2 h4 32. f3 Kf8 33. Qe4 Qxe4 34. fxe4 Ke8 35. Kg1 Nb8 36. Kf2 Nd7 37. Kf3 Nc5 38. Rb2 Rd8 39.
Be1 Rd3+ 40. Ke2 Rd4 41. b4 Nxa4 42. Rc2 Rxe4+ 43. Kd2 a6 44. Bf2 Kd7 45. Kd3 Rxe5 46. Bxh4 b5 47. cxb5 Rd5+ 48. Ke3 axb5 49. Bg3 e5 50. Ke4 Kd6 51. Kf5 Nb6 52. Rc5 Nc4 0-1

[Event "Late-Titled-Tuesday-Blitz-October-24-2023"]
[Site "Chess.com"]
[Date "2023.10.24"]
[Round "5"]
[White "talaicito"]
[Black "Freeeeeeeeeeeeeeeeee"]
[Result "0-1"]
[WhiteElo "2224"]
[BlackElo "2027"]
[TimeControl "180+1"]
[EndTime "14:56:06 PDT"]
[Termination "Freeeeeeeeeeeeeeeeee won on time"]

1. g3 d5 2. Bg2 e6 3. d3 Nf6 4. b3 Bd6 5. Bb2 O-O 6. Nd2 Nbd7 7. e3 a5 8. a3 b6 9. Ne2 Bb7 10. h3 e5 11. g4 h6 12. Ng3 Re8 13. Nf5 Bf8 14. h4 Nh7 15. Qe2 g6 16. Ng3 Bg7 17.
h5 Qc8 18. hxg6 fxg6 19. O-O-O a4 20. Kb1 axb3 21. cxb3 Ba6 22. Bxd5+ Kh8 23. Bxa8 Qxa8 24. Nde4 Qd5 25. Qc2 c5 26. Ne2 Nb8 27. N2c3 Qe6 28.
Na4 Nd7 29. f4 Qxg4 30. fxe5 Nxe5 31. Nxb6 Bxd3 32. Rxd3 Nxd3 33. Bxg7+ Kxg7 34. Qxd3 Qxe4 35. Qxe4 Rxe4 36. Nc4 h5 37. a4 Nf6 38. a5 g5 39.
Kc2 g4 40. Kd3 Re8 41. Nb6 Kg6 42. a6 Re7 43. Nc8 Rc7 0-1

[Event "Late-Titled-Tuesday-Blitz-October-24-2023"]
[Site "Chess.com"]
[Date "2023.10.24"]
[Round "5"]
[White "jcibarra"]
[Black "GoltsevDmitry2000"]
[Result "1-0"]
[WhiteElo "2913"]
[BlackElo "2644"]
[TimeControl "180+1"]
[EndTime "14:56:07 PDT"]
[Termination "jcibarra won by checkmate"]

1. Nf3 d5 2. g3 c6 3. Bg2 g6 4. O-O Bg7 5. d3 e5 6. e4 dxe4 7. dxe4 Qxd1 8. Rxd1 Ne7 9. Na3 b5 10. Be3 h6 11. Bc5 Be6 12. c4 bxc4 13. Rac1 Nd7 14. Bd6 Nb6 15. Bxe5 O-O 16. Bxg7 Kxg7 17. Nd4 Rad8 18.
Nxe6+ fxe6 19. Bf1 e5 20. Nxc4 Nxc4 21. Bxc4 Rd4 22. Rxd4 exd4 23. Kf1 g5 24. Bb3 g4 25.
Ke2 d3+ 26. Kf1 Ng6 27. Rxc6 Ne5 28. Rc5 Kf6 29. Bd1 h5 30. Ke1 Rh8 31. Kd2 h4 32.
Rd5 hxg3 33. hxg3 Rh2 34. Ke3 Rh1 35. Bb3 Re1+ 36. Kf4 Re2 37. Rd6+ Ke7 38. Kxe5 d2 39.
Rd3 Rxf2 40. Bd1 a5 41. Bxg4 Rg2 42. Bf5 a4 43. b4 axb3 44. axb3 Kf8 45. b4 Kg7 46. b5 Kh8 47. b6 Rxg3 48. Rxd2 Rg2 49. Rd8+ Kg7 50. Rd7+ Kh8 51. b7 Rg8 52. Rh7# 1-0

[Event "Late-Titled-Tuesday-Blitz-October-24-2023"]
[Site "Chess.com"]
[Date "2023.10.24"]
[Round "5"]
[White "vugarrasulov"]
[Black "Arseniy_Nesterov"]
[Result "1-0"]
[WhiteElo "3010"]
[BlackElo "2851"]
[TimeControl "180+1"]
[EndTime "14:56:08 PDT"]
[Termination "vugarrasulov won by resignation"]

1. e4 e5 2. Nf3 Nc6 3. Bc4 Nf6 4. d3 Be7 5. O-O O-O 6. Re1 d6 7. a4 a5 8. Nc3 h6 9. h3 Be6 10. Nd5 Bxd5 11. exd5 Nb4 12. d4 e4 13. Nd2 Nbxd5 14. Nxe4 c6 15. Nxf6+ Nxf6 16. d5 Nxd5 17. Bxd5 cxd5 18.
Qxd5 Bf6 19. c3 Qb6 20. Re2 Qc6 21. Qb5 Rfe8 22. Be3 Re5 23. Qxc6 bxc6 24. Rd2 d5 25. Bd4 Re4 26. Bxf6 gxf6 27. f3 Rc4 28. Kf2 Rb8 29.
Ke3 d4+ 30. Rxd4 Rxd4 31. Kxd4 Rxb2 32. Kc5 Rxg2 33. Kxc6 Rg3 34. c4 Rxf3 35. c5 Rxh3 36. Rc1 Kf8 37. Kb6 Rb3+ 38. Kxa5 Ke7 39. Rd1 Rb2 40. c6 Rc2 41. Kb6 Rb2+ 42. Kc7 Ra2 43. Re1+ Kf8 44. Re4 f5 45. Rc4 Ke7 46. Kc8 Kd6 47.
c7 Kd5 48. Rh4 Ke5 49. Kb7 Rc2 50. c8=Q Rxc8 51. Kxc8 f4 1-0

[Event "Late-Titled-Tuesday-Blitz-October-24-2023"]
[Site "Chess.com"]
[Date "2023.10.24"]
[Round "5"]
[White "Kostukov_Alex"]
[Black "Sanyura"]
[Result "1/2-1/2"]
[WhiteElo "2431"]
[BlackElo "2607"]
[TimeControl "180+1"]
[EndTime "14:56:11 PDT"]
[Termination "Game drawn by repetition"]

1. g3 Nf6 2. Bg2 g6 3. c4 d6 4.
Nf3 Bg7 5. O-O O-O 6. d4 Nbd7 7. Nc3 e5 8. h3 exd4 9. Nxd4 Nc5 10. b3 a5 11. Rb1 a4 12. b4 Ne6 13. Ndb5 Nd7 14.
Nxa4 Ne5 15. c5 dxc5 16. Qxd8 Rxd8 17. Nxc5 c6 18. Nxe6 Bxe6 19. Nc7 Bxa2 20. Nxa8 Bxb1 21. Bg5 Rxa8 22. Rxb1 h6 23. Bf4 Ra2 24. b5 cxb5 25. Rxb5 Rxe2 26. Rxb7 Re1+ 27. Kh2 Re2 28. Be3 Nc4 29.
Bc5 Rd2 30. Rb8+ Kh7 31. Rb7 Kg8 32. Rb8+ Kh7 33. Rb7 Ne5 34. Be4 Re2 35. Bg2 Rc2 36. Bd4 Nf3+ 37. Bxf3 Bxd4 38. Rxf7+ Kh8 39. Bd5 Rxf2+ 40.
Rxf2 Bxf2 41. Kg2 Bd4 42. Be4 Kg7 43. Kf3 Kf6 44. Bd3 Be5 45. Bc2 Bd6 46. Bd3 Bc7 47. Bb1 Bd6 48. Bc2 Bc7 49. Bb1 Bd6 50. Bc2 Bc7 51. Bb1 1/2-1/2

[Event "Late-Titled-Tuesday-Blitz-October-24-2023"]
[Site "Chess.com"]
[Date "2023.10.24"]
[Round "5"]
[White "taleslascando"]
[Black "familijatop71"]
[Result "0-1"]
[WhiteElo "1982"]
[BlackElo "2133"]
[TimeControl "180+1"]
[EndTime "14:56:12 PDT"]
[Termination "familijatop71 won by checkmate"]

1. e4 d5 2. exd5 Qxd5 3. Nc3 Qa5 4. d4 c6 5. Bc4 Bf5 6. Ne2 e6 7. O-O Nd7 8. Ng3 Bg6 9. Re1 Be7 10. Bf4 Ngf6 11.
Nce4 O-O 12. Nd6 b5 13. Bf1 Nd5 14. Bd2 Qc7 15. Nde4 a6 16. a4 N7f6 17. Ng5 h6 18. Nf3 Bd6 19. Ne5 Bxe5 20. dxe5 Nd7 21. f4 Qb6+ 22.
Kh1 Rfd8 23. f5 exf5 24. e6 fxe6 25. Rxe6 Bf7 26. Re1 f4 27. Nh5 Ne3 28. Bxe3 fxe3 29.
Qg4 Bxh5 30. Qxh5 Nf6 31. Qg6 Re8 32. Bd3 c5 33. Rf1 c4 34. Rxf6 Qxf6 35. Qh7+ Kf7 36.
Rf1 Qxf1+ 37. Bxf1 e2 38. Qf5+ Kg8 39. Qd5+ Kh8 40. Bxe2 Rad8 41. Qf3 Rf8 42. Qg4 Rd1+ 43. Bxd1 Rf1# 0-1

[Event "Late-Titled-Tuesday-Blitz-October-24-2023"]
[Site "Chess.com"]
[Date "2023.10.24"]
[Round "5"]
[White "leoduarte"]
[Black "midedu"]
[Result "0-1"]
[WhiteElo "2403"]
[BlackElo "2082"]
[TimeControl "180+1"]
[EndTime "14:56:15 PDT"]
[Termination "midedu won on time"]

1. d4 Nf6 2. Nf3 g6 3. Bf4 Bg7 4. e3 d6 5. h3 Nbd7 6. Be2 c5 7.
c3 a6 8. a4 b6 9. O-O Rb8 10.
Nbd2 O-O 11. Bh2 b5 12. axb5 axb5 13. Re1 b4 14. Nc4 bxc3 15. bxc3 Ne4 16. Qc2 Bb7 17. Bd3 Nef6 18. e4 cxd4 19. cxd4 Rc8 20. Qb3 Ba8 21. e5 dxe5 22. Nfxe5 Bd5 23. Ra7 Nxe5 24. Bxe5 Nd7 25.
Bxg7 Kxg7 26. Qb4 e6 27. Ne3 Nf6 28. Rea1 Rb8 29. Qc5 Rc8 30. Qb4 Rb8 31. Qc5 Rb2 32. Bf1 Ne4 33. f3 Nxc5 34. dxc5 Qg5 35. Ng4 h5 36. h4 Qxh4 37. Ne5 Qf2+ 38. Kh1 Qxc5 39. Nd3 Qd4 40. Nxb2 Qxb2 41. Re1 h4 42. Ra4 Qf2 0-1

[Event "Late-Titled-Tuesday-Blitz-October-24-2023"]
[Site "Chess.com"]
[Date "2023.10.24"]
[Round "5"]
[White "BardArtem"]
[Black "Championnn-9"]
[Result "1-0"]
[WhiteElo "2700"]
[BlackElo "2501"]
[TimeControl "180+1"]
[EndTime "14:56:16 PDT"]
[Termination "BardArtem won on time"]

1. e4 c5 2. c3 e6 3. Nf3 d5 4. exd5 exd5 5. d4 Nf6 6. Bb5+ Bd7 7.
Bxd7+ Nbxd7 8. O-O Be7 9. dxc5 Nxc5 10. Nbd2 O-O 11. Nb3 Nce4 12. Be3 Ng4 13. Bd4 Bd6 14. h3 Nh6 15. Re1 Nf5 16. Nbd2 Re8 17. Qc2 Nh4 18. Nxh4 Qxh4 19. Nf3 Qh5 20. Re2 Re6 21. Rae1 Rg6 22. Kh1 Qf5 23. c4 Rc8 24. c5 Bb8 25. Qb3 Qd7 26.
Be5 Nxc5 27. Qa3 Ne4 28. Bxb8 Rxb8 29. Ne5 Qf5 30. Nxg6 hxg6 31. Qf3 Qe5 32. Kg1 Rc8 33. Qe3 b6 34. f3 f5 35. fxe4 dxe4 36. Rc2 Rxc2 37.
Qb3+ Kh7 38. Qxc2 Qd4+ 39. Kh1 Qf6 40. Rf1 Qg5 41. Qf2 e3 42. Qf3 Qe7 43. Re1 Qb4 44.
Qxe3 Qxb2 45. Qg3 Qf6 46. Qe5 Qh4 47. Qe7 Qb4 48. Qxb4 1-0

[Event "Late-Titled-Tuesday-Blitz-October-24-2023"]
[Site "Chess.com"]
[Date "2023.10.24"]
[Round "5"]
[White "gunslinger222"]
[Black "GianmarcoVaR"]
[Result "0-1"]
[WhiteElo "2336"]
[BlackElo "2679"]
[TimeControl "180+1"]
[EndTime "14:56:17 PDT"]
[Termination "GianmarcoVaR won on time"]

1. d4 Nf6 2. c4 e6 3. Nf3 d5 4. Nc3 a6 5. cxd5 exd5 6. Bg5 Be6 7.
Qb3 Ra7 8. Bxf6 Qxf6 9. g3 Qd8 10. h4 Bd6 11. Ng5 O-O 12. Nxe6 fxe6 13. Bh3 Qf6 14. O-O Nc6 15. e3 Kh8 16. Ne2 Ne7 17. Qd3 c6 18. e4 Bc7 19. e5 Qh6 20. Nf4 Rxf4 21. gxf4 Ra8 22. Qg3 Ng6 23. Bxe6 Nxf4 24. Bg4 Rf8 25. Rae1 Ba5 26. Re3 Bd8 27. h5 Bg5 28. e6 Nxh5 29. Bxh5 Qxh5 30. Rf3 Bf6 31. Re1 Re8 32. e7 h6 33.
Rxf6 gxf6 34. Qd6 Rg8+ 35. Kf1 Qh3+ 36. Ke2 Qg4+ 37. Kd2 Qg5+ 38. Kc3 Re8 39. Qd7 Qg6 40. Re3 Qf7 41. Qd8 b6 0-1

[Event "Late-Titled-Tuesday-Blitz-October-24-2023"]
[Site "Chess.com"]
[Date "2023.10.24"]
[Round "5"]
[White "Miguelitro69"]
[Black "zverr1"]
[Result "0-1"]
[WhiteElo "2303"]
[BlackElo "2496"]
[TimeControl "180+1"]
[EndTime "14:56:17 PDT"]
[Termination "zverr1 won by resignation"]

1. e4 c5 2. Nf3 g6 3. d4 cxd4 4. Nxd4 Nc6 5. Nc3 Bg7 6. Be3 Nf6 7. Bc4 O-O 8. Bb3 d5 9. exd5 Na5 10. Nde2 b6 11.
O-O Bb7 12. Nf4 Nxb3 13. axb3 Qd7 14. Qf3 Rfd8 15. Rfd1 Qf5 16. h3 Qxc2 17. Nb5 Qxb3 18. Qe2 Nxd5 19. Nxd5 Rxd5 20. Rxd5 Qxd5 21. f3 Qe5 22.
Rxa7 Rxa7 23. Nxa7 Bh6 24. Kf2 Bxe3+ 25. Qxe3 Qxb2+ 26.
Kg3 Qb4 27. f4 Qe4 28. Qf2 e5 29. fxe5 Qxe5+ 30. Qf4 Qxf4+ 31. Kxf4 Bxg2 32. h4 h6 33. Nb5 Kg7 34. Nd6 Bc6 35. Nc4 b5 36. Ne5 Be8 37.
Nd3 Kf6 38. Nc5 g5+ 39. hxg5+ hxg5+ 40. Ke3 Ke5 41. Ne4 g4 42. Kd3 f5 43. Nc3 g3 44. Nxb5 Bxb5+ 45. Ke3 f4+ 0-1

[Event "Late-Titled-Tuesday-Blitz-October-24-2023"]
[Site "Chess.com"]
[Date "2023.10.24"]
[Round "5"]
[White "HaryKane"]
[Black "IMSlavin"]
[Result "1-0"]
[WhiteElo "2522"]
[BlackElo "2230"]
[TimeControl "180+1"]
[EndTime "14:56:20 PDT"]
[Termination "HaryKane won by resignation"]

1. c4 Nc6 2. Nc3 Nf6 3. g3 e5 4.
Bg2 Bc5 5. d3 O-O 6. Nf3 h6 7.
O-O d6 8. a3 a6 9. b4 Ba7 10.
b5 Ne7 11. bxa6 bxa6 12. Rb1 Bg4 13. h3 Be6 14. Qa4 Bb6 15. Be3 Bd7 16. Qc2 Bxe3 17. fxe3 Nf5 18. Kf2 Rb8 19. e4 Ne7 20. Rxb8 Qxb8 21.
Rb1 Qa7+ 22. e3 Rb8 23. d4 Nc6 24. Rxb8+ Qxb8 25. Nd5 Ne8 26. c5 Qb7 27. Bf1 exd4 28. exd4 Be6 29. cxd6 Bxd5 30. exd5 Nb8 31. Bxa6 Qxa6 32.
dxc7 Nxc7 33. Qxc7 Qa8 34. Qc8+ Kh7 35. Qf5+ Kg8 36.
Qc8+ Kh7 37. d6 Qa7 38. Qc7 Qa8 39. d7 Nxd7 40. Qxd7 Qxa3 41. Qf5+ Kg8 42. Qc2 Qd6 43. h4 g6 44. Qd2 Qd5 45. Qxh6 Qe4 46. Qe3 Qc2+ 47.
Qd2 1-0

[Event "Late-Titled-Tuesday-Blitz-October-24-2023"]
[Site "Chess.com"]
[Date "2023.10.24"]
[Round "5"]
[White "FabianoCaruana"]
[Black "DefiantChair"]
[Result "1-0"]
[WhiteElo "3086"]
[BlackElo "2685"]
[TimeControl "180+1"]
[EndTime "14:56:22 PDT"]
[Termination "FabianoCaruana won by resignation"]

1. b3 d5 2. Bb2 Nf6 3. d3 c5 4. Nd2 Nc6 5. Ngf3 d4 6. g3 e5 7. Bg2 Bd6 8. O-O O-O 9. c3 Re8 10. Rc1 a5 11. a4 Bd7 12. Nc4 Bc7 13. Nfd2 Rc8 14. h3 b6 15. e3 dxc3 16. Bxc3 Bb8 17. Qe2 Nb4 18. Bxb4 axb4 19. Kh2 Bc6 20. Bxc6 Rxc6 21. e4 Bc7 22. Nf3 Nd7 23. Kg2 Rh6 24. h4 Nb8 25. Rh1 Nc6 26. h5 Rf6 27. h6 g6 28. Ne3 Rd6 29. Rhd1 Na5 30. Qc2 Nc6 31. Qc4 Qf6 32. Nd5 Qd8 33. Qb5 Qb8 34. a5 Rxd5 35.
exd5 Nxa5 36. Nd2 Rd8 37. Ne4 Kf8 38. Ra1 Nxb3 39. Qc6 Nd4 40. Qf6 Rxd5 41. Ng5 Rd7 42. Nxh7+ Ke8 43. Ng5 Bd8 44. Qh8+ Ke7 45. h7 Rb7 46. Qg7 Nf5 47. Qxf7+ Kd6 48. Qe6+ Kc7 49. h8=Q Bxg5 50. Qhxe5+ 1-0

[Event "Late-Titled-Tuesday-Blitz-October-24-2023"]
[Site "Chess.com"]
[Date "2023.10.24"]
[Round "5"]
[White "HeroRubiksCube"]
[Black "Chempiblinka"]
[Result "0-1"]
[WhiteElo "2520"]
[BlackElo "2327"]
[TimeControl "180+1"]
[EndTime "14:56:23 PDT"]
[Termination "Chempiblinka won by resignation"]

1. e4 c5 2. Nc3 Nc6 3. Nge2 g6 4. g3 Bg7 5. Bg2 e6 6. O-O Nge7 7. d3 O-O 8. Be3 d6 9. d4 cxd4 10. Nxd4 a6 11. Qd2 Rb8 12. Rad1 Ne5 13. Qe2 Qc7 14. Bc1 b5 15. a3 N7c6 16. Nxc6 Qxc6 17. Bf4 Bb7 18.
Bxe5 Bxe5 19. Rd3 a5 20. f4 Bg7 21. Qd2 Rfd8 22. Rd1 b4 23. axb4 axb4 24. Ne2 Qc5+ 25. Kh1 Bxb2 26. Rxd6 Rdc8 27. f5 exf5 28. exf5 Qf2 29.
Bxb7 Rxb7 30. Nf4 Qf3+ 31. Kg1 Rbb8 32. fxg6 hxg6 33. Rd3 Qe4 34. Nd5 Re8 35. Re3 Qc4 36. Qd3 Qxd3 37. Rdxd3 Kg7 38. Rxe8 Rxe8 39. Kf2 Ba3 40. Nf4 Rc8 41. Rd2 Bb2 42. Nd3 Bc3 43.
Re2 Bd4+ 44. Kf3 Bc3 45. h4 Rd8 46. g4 b3 47. Nf4 b2 48. Re1 Bxe1 0-1